 Dungeon Crawl Stone Soup version 0.28.0-53-g5a82cb258f (webtiles) character file.

Game seed: 4970597101209834737

214852 Peloso the Hoplite (level 18, -2/174 HPs)
             Began as a Minotaur Fighter on Sept 13, 2022.
             Was the Champion of Okawaru.
             Drowned by a water elemental (3 damage)
             ... on level 4 of the Shoals on Sept 14, 2022.
             The game lasted 01:59:01 (45781 turns).

Peloso the Hoplite (Minotaur Fighter)              Turns: 45781, Time: 01:59:01

Health: -2/174     AC: 31    Str: 34    XL:     18   Next: 69%
Magic:  19/19      EV: 12    Int: 12    God:    Okawaru [******]
Gold:   3210       SH: 17    Dex: 23    Spells: 17/17 levels left

rFire   . . .      SeeInvis +   b - +9 scimitar "Lazatix" {venom, rElec Int+4 Stlth+}
rCold   + + .      Faith    .   c - +0 kite shield "Peurph" {rElec Str+6}
rNeg    + + +      Spirit   .   t - +5 plate armour of Inevitability {+Inv rN+++ Int+3 Dex-3}
rPois   +          Reflect  .   E - +1 hat "Ubral" {Will+ rCorr}
rElec   +          Harm     .   S - +0 cloak of Indecent Exposure {Slay+2}
rCorr   +          Rampage  .   v - +0 pair of gloves {Dex+3}
Will    ++...                   T - +1 pair of boots of Leaves {rElec rPois Regen+ Dex+4}
Stlth   ..........              r - amulet "Waungip" {Acrobat rElec rPois rC+ Dex+6}
HPRegen 1.19/turn               w - ring "Equeroas" {rPois rC+ rCorr Str+2 SInv}
MPRegen 0.16/turn               N - ring of flight

@: engulfed (cannot breathe), flying, mesmerised, hasted, studying Bows, very
quick
A: horns 2, retaliatory headbutt
a: Renounce Religion, Evoke Invisibility, Heroism, Finesse, Duel


You were on level 4 of the Shoals.
You worshipped Okawaru.
Okawaru was exalted by your worship.
You visited 7 branches of the dungeon, and saw 33 of its levels.
You also visited: Ossuary and Ice Cave.

You collected 4306 gold pieces.
You spent 1096 gold pieces at shops.

Inventory:

Hand Weapons
 a - the +7 scimitar "Wiedoc" {antimagic, Int+4}
   (Okawaru gifted it to you in an ice cave)

   It reduces the magical energy of the wielder, and disrupts the spells and
   magical abilities of those it strikes.
   Natural abilities and divine invocations are not affected.
   Int:       It affects your intelligence (+4).
 b - the +9 scimitar "Lazatix" (weapon) {venom, rElec Int+4 Stlth+}
   (Okawaru gifted it to you on level 14 of the Dungeon)

   It poisons the flesh of those it strikes.
   Int:       It affects your intelligence (+4).
   rElec:     It insulates you from electricity.
   Stlth:     It makes you more stealthy.
 q - the +5 hand axe of the Dove {flame, *Slow Int+7}
   (Okawaru gifted it to you on level 2 of the Lair of Beasts)

   It burns those it strikes, dealing additional fire damage.
   Big, fiery blades are also staple armaments of hydra-hunters.
   Int:       It affects your intelligence (+7).
   *Slow:     It may slow you when you take damage.
 s - a +3 scimitar of flaming
Armour
 c - the +0 kite shield "Peurph" (worn) {rElec Str+6}
   (Okawaru gifted it to you on level 1 of the Elven Halls)

   Str:       It affects your strength (+6).
   rElec:     It insulates you from electricity.
 l - a +0 hat of willpower
 t - the +5 plate armour of Inevitability (worn) {+Inv rN+++ Int+3 Dex-3}
   (You found it on level 5 of the Dungeon)

   Int:       It affects your intelligence (+3).
   Dex:       It affects your dexterity (-3).
   rN:        It renders you almost immune to negative energy.
   +Inv:      It lets you turn invisible.
 v - a +0 pair of gloves of dexterity (worn)
 E - the +1 hat "Ubral" (worn) {Will+ rCorr}
   (Okawaru gifted it to you on level 8 of the Dungeon)

   rCorr:     It protects you from acid and corrosion.
   Will:      It increases your willpower.
 S - the +0 cloak of Indecent Exposure (worn) {Slay+2}
   (You found it on level 3 of the Elven Halls)

   Slay:      It affects your accuracy & damage with ranged weapons and melee
   (+2).
 T - the +1 pair of boots of Leaves (worn) {rElec rPois Regen+ Dex+4}
   (Okawaru gifted it to you on level 5 of the Lair of Beasts)

   Dex:       It affects your dexterity (+4).
   rElec:     It insulates you from electricity.
   rPois:     It protects you from poison.
   Regen:     It increases your rate of health regeneration.
Jewellery
 g - a +6 ring of dexterity
 m - an amulet of reflection
 n - a ring of willpower
 r - the amulet "Waungip" (around neck) {Acrobat rElec rPois rC+ Dex+6}
   (You acquired it in an ice cave)

   [amulet of the acrobat]

   It increases your evasion while moving and waiting.
   Dex:       It affects your dexterity (+6).
   rC:        It protects you from cold.
   rElec:     It insulates you from electricity.
   rPois:     It protects you from poison.
 w - the ring "Equeroas" (left hand) {rPois rC+ rCorr Str+2 SInv}
   (You took it off a deep elf demonologist on level 3 of the Elven Halls)

   [ring of poison resistance]

   Str:       It affects your strength (+2).
   rC:        It protects you from cold.
   rPois:     It protects you from poison.
   SInv:      It lets you see invisible.
   rCorr:     It protects you from acid and corrosion.
 H - a +6 ring of strength
 M - an amulet of regeneration
 N - a ring of flight (right hand)
Wands
 y - a wand of iceblast (1)
 B - a wand of paralysis (7)
 G - a wand of flame (14)
 I - a wand of digging (20)
 J - a wand of polymorph (4)
 R - a wand of acid (5)
Scrolls
 f - a scroll of acquirement
 h - 5 scrolls of blinking
 i - 8 scrolls of teleportation
 j - 7 scrolls of fear
 o - 12 scrolls of immolation
 p - 7 scrolls of magic mapping
 u - 2 scrolls of summoning
 x - a scroll of silence
 D - a scroll of brand weapon
 L - a scroll of identify
 Q - a scroll of fog
 U - a scroll of amnesia
Potions
 d - 4 potions of might
 e - a potion of brilliance
 k - 9 potions of curing
 z - 5 potions of haste
 A - 4 potions of flight
 C - 2 potions of mutation
 K - a potion of berserk rage
 O - 4 potions of resistance


   Skills:
 + Level 18.8 Fighting
 + Level 19.1 Long Blades
 + Level 12.2 Axes
 + Level 19.2 Armour
 + Level 5.3 Dodging
 + Level 2.5 Stealth
 + Level 21.0 Shields
 + Level 3.7 Invocations
 + Level 1.5 Evocations


You had 17 spell levels left.
You didn't know any spells.
Your spell library contained the following spells:

 Spells                   Type           Power      Damage    Failure   Level
 Beastly Appendage        Tmut           0%         N/A       85%         1
 Foxfire                  Conj/Fire      0%         2x1d4     85%         1
 Magic Dart               Conj           0%         1d3       85%         1
 Pain                     Necr           0%         1d4       85%         1
 Sandblast                Erth           0%         2d4       85%         1
 Blink                    Tloc           0%         N/A       94%         2
 Corpse Rot               Necr/Air       0%         N/A       94%         2
 Ensorcelled Hibernation  Hex/Ice        0%         N/A       94%         2
 Passwall                 Tmut/Erth      0%         N/A       94%         2
 Poisonous Vapours        Pois/Air       0%         N/A       94%         2
 Searing Ray              Conj           0%         2d4       94%         2
 Static Discharge         Conj/Air       0%         N/A       94%         2
 Sublimation of Blood     Necr           0%         N/A       94%         2
 Wereblood                Tmut           0%         N/A       94%         2
 Conjure Flame            Conj/Fire      0%         6-21      99%         3
 Dazzling Flash           Conj/Hex       0%         N/A       99%         3
 Gell's Gravitas          Tloc           0%         N/A       99%         3
 Ignite Poison            Fire/Tmut/Pois 0%         N/A       99%         3
 Inner Flame              Hex/Fire       0%         N/A       99%         3
 Lesser Beckoning         Tloc           0%         N/A       99%         3
 Mephitic Cloud           Conj/Pois/Air  0%         N/A       99%         3
 Spider Form              Tmut/Pois      0%         N/A       99%         3
 Stone Arrow              Conj/Erth      0%         3d7       99%         3
 Swiftness                Air            0%         N/A       99%         3
 Teleport Other           Tloc           0%         N/A       99%         3
 Airstrike                Air            0%         N/A       100%        4
 Anguish                  Hex/Necr       0%         N/A       100%        4
 Dispel Undead            Necr           0%         3d6       100%        4
 Flame Wave               Conj/Fire      0%         2d4       100%        4
 Fulminant Prism          Conj/Hex       0%         3d6       100%        4
 Ice Form                 Ice/Tmut       0%         N/A       100%        4
 Iskenderun's Mystic Bla  Conj/Tloc      0%         2d3       100%        4
 Leda's Liquefaction      Hex/Erth       0%         N/A       100%        4
 Petrify                  Tmut/Erth      0%         N/A       100%        4
 Agony                    Necr           0%         N/A       100%        5
 Alistair's Intoxication  Tmut/Pois      0%         N/A       100%        5
 Borgnjor's Vile Clutch   Necr/Erth      0%         N/A       100%        5
 Excruciating Wounds      Necr           0%         N/A       100%        5
 Fireball                 Conj/Fire      0%         3d3       100%        5
 Freezing Cloud           Conj/Ice/Air   0%         6-21      100%        5
 Irradiate                Conj/Tmut      0%         3d13      100%        5
 Iskenderun's Battlesphe  Conj           0%         2d6       100%        5
 Lee's Rapid Deconstruct  Erth           0%         3d5*      100%        5
 Lightning Bolt           Conj/Air       0%         1d11      100%        5
 Manifold Assault         Tloc           0%         N/A       100%        5
 Silence                  Hex/Air        0%         N/A       100%        5
 Yara's Violent Unravell  Hex/Tmut       0%         3d3       100%        5
 Conjure Ball Lightning   Conj/Air       0%         3x3d6     100%        6
 Eringya's Noxious Bog    Tmut/Pois      0%         N/A       100%        6
 Iron Shot                Conj/Erth      0%         9d1       100%        6
 Starburst                Conj/Fire      0%         6d3       100%        6
 Statue Form              Tmut/Erth      0%         N/A       100%        6
 Orb of Destruction       Conj           0%         9d5       100%        7
 Storm Form               Tmut/Air       0%         N/A       100%        7
 Ignition                 Fire           0%         3d3       100%        8
 Lehudib's Crystal Spear  Conj/Erth      0%         10d2      100%        8
 Maxwell's Capacitive Co  Air            0%         ∞         100%        8
 Call Imp                 Summ           Unusable   N/A       N/A         2
 Tukima's Dance           Hex            Unusable   N/A       N/A         3
 Animate Armour           Summ/Erth      Unusable   N/A       N/A         4
 Summon Ice Beast         Ice/Summ       Unusable   N/A       N/A         4
 Summon Lightning Spire   Summ/Air       Unusable   N/A       N/A         4
 Death Channel            Necr           Unusable   N/A       N/A         6
 Spellforged Servitor     Conj/Summ      Unusable   N/A       N/A         7

Dungeon Overview and Level Annotations

Branches:
Dungeon (15/15)            Temple (1/1) D:5            Lair (6/6) D:10
 Shoals (4/4) Lair:2       Spider (2/4) Lair:2        Slime (0/5) Lair:5
    Orc (2/2) D:9             Elf (3/3) Orc:2        Vaults (0/5) D:13
 Depths (0/4) D:15        Ossuary (visited)           IceCv (visited)

Altars:
Ashenzari
Cheibriados
Dithmenos
Fedhas
Gozag
Hepliaklqana
Kikubaaqudgha
Makhleb
Nemelex Xobeh
Okawaru
Qazlal
Sif Muna
Trog
Uskayaw
Vehumet
Xom
Zin
The Shining One
Beogh

Shops:
D:1 *   D:13 [   Orc:2 [?[(   Elf:3 !   Shoals:1 *[*   Shoals:2 :   Shoals:3 =

Annotations:
Lair:5 Casa


Innate Abilities, Weirdness & Mutations

You have a pair of horns on your head.
You reflexively headbutt those who attack you in melee.


Message History

The javelin pierces through you but does no damage.
The javelin pierces through the plant!
The plant begins to die.
You block the merfolk impaler's attack.
You slice the water elemental!! You headbutt the water elemental.
The water elemental is almost destroyed.
The pull of its song draws you forwards.
The merfolk avatar chants its luring song.
The merfolk siren chants its luring song.
Unknown command.
You feel better. You block the merfolk impaler's attack.
As you read the scroll of fear, it crumbles to dust.
You assume a fearsome visage.
The merfolk javelineer resists with some effort.
The snapping turtle easily resists.
The merfolk impaler looks frightened! x2
The snapping turtle looks frightened!
The merfolk impaler resists with some effort.
The water elemental is unaffected.
The merfolk siren looks frightened!
The merfolk avatar resists with almost no effort.
The merfolk siren stops singing.
The pull of its song draws you forwards.
The merfolk avatar chants its luring song.
The water elemental hits you.
The water elemental engulfs you in water!
The merfolk javelineer throws a javelin.
The javelin pierces through you!
* * * LOW HITPOINT WARNING * * *
The javelin pierces through the plant!!
The plant begins to die.
You slice the merfolk avatar!!
The merfolk avatar is poisoned.
You headbutt the merfolk avatar.
The merfolk avatar is heavily wounded.
* * * LOW HITPOINT WARNING * * *
Your lungs strain for air!
The merfolk avatar chants its luring song.
You block the merfolk impaler's attack.
The merfolk siren cries, "Help!"
You slash the merfolk avatar!
The merfolk avatar looks as sick as possible!
Your headbutt misses the merfolk avatar.
The merfolk avatar is heavily wounded.
You die...

≈...<...........# ..
≈≈..............##..
≈≈....≈≈≈.....P≈..# #
≈≈....)≈tm)tPP≈≈≈.#≈#
≈≈....≈≈m...≈P≈P≈≈...
≈≈........≈≈≈≈≈≈≈≈≈..
≈≈........≈≈≈m≈≈≈≈...
≈.#≈#/#...≈mE≈≈≈≈≈...
# #####..P≈≈≈@≈P≈≈...
###.≈≈≈mP≈≈≈...
#.≈≈≈≈≈≈.....
#...≈........
#............
#............
#............
≈............


You could see a merfolk avatar (mesmerising, extremely poisoned), 3 merfolk
impalers, a merfolk javelineer, 2 snapping turtles and a water elemental.

Vanquished Creatures
  2 deep elf blademasters (Elf:2)
  2 deep elf master archers (Elf:3)
  A kraken (Shoals:1)
  Kirke (Lair:5)
  Roxanne (Elf:3)
  8 deep elf sorcerers
  2 orc warlords
  An emperor scorpion (Spider:1)
  A frost giant (IceCv)
  2 ghost moths (Spider:1)
  7 deep elf elementalists
  A stone giant (D:15)
  6 deep elf demonologists
  The ghost of Qugh the Severer, a journeyman MiBe of Trog (D:14)
  4 deep elf annihilators
  An entropy weaver (Spider:2)
  A merfolk javelineer (Shoals:1)
  4 deep elf death magi
  A merfolk impaler (Shoals:1)
  Josephine (D:15)
  The ghost of peterlawrence the Fighter, a journeyman MiFi of Okawaru (D:10)
  A fire dragon (D:14)
  Snorg (Lair:3)
  The ghost of elgoggo the Cleaver, a journeyman MiGl of Ashenzari (Orc:1)
  A yaktaur captain (D:13)
  Harold (D:8)
  3 deep elf high priests
  8 hydras
  6 centaur warriors
  3 ogre magi
  A death knight (D:12)
  11 boulder beetles
  2 catoblepae
  2 merfolk avatars (Shoals:2)
  4 merfolk aquamancers
  2 tengu warriors (D:15)
  29 dancing weapons
  13 two-headed ogres
  2 orc high priests
  8 death yaks
  A satyr (Shoals:2)
  3 pharaoh ants
  12 deep elf knights
  13 sea snakes
  2 sun moths
  4 steelbarb worms
  4 orb spiders
  An orange crystal statue (Lair:4)
  2 lindwurms
  4 deep elf archers
  16 deep elf zephyrmancers
  A wizard (Elf:1)
  13 harpies
  4 orc knights
  An orc sorcerer (Orc:1)
  9 manticores
  12 wolf spiders
  25 deep elf pyromancers
  A moth of wrath (Spider:2)
  4 oklob plants
  5 fauns
  12 ugly things
  5 cyclopes
  4 merfolk sirens
  9 black mambas
  16 elephants
  A guardian serpent (Lair:6)
  An ice statue (IceCv)
  3 torpor snails
  13 cane toads
  2 water nymphs
  A gargoyle (D:14)
  A demonic crawler (Spider:1)
  6 kobold demonologists
  11 rime drakes
  2 yaktaurs (D:13)
  2 efreet
  8 komodo dragons
  A tengu conjurer (D:15)
  13 merfolk
  3 meliai (Spider:2)
  7 polar bears
  21 tarantellas
  11 trolls
  A hornet (shapeshifter) (D:15)
  2 hornets (Lair:6)
  2 snapping turtles
  A jumping spider (shapeshifter) (D:15)
  29 blink frogs
  4 wind drakes
  25 jumping spiders
  9 culicivoras
  A ynoxinul (D:10)
  A vampire (D:12)
  12 water elementals
  2 air elementals (Elf:1)
  4 wraiths (D:15)
  2 shadows
  47 yaks
  9 wyverns (Lair:6)
  A fire elemental (Elf:1)
  4 hogs (Lair:5)
  A human (Lair:5)
  2 steam dragons
  6 basilisks
  34 redbacks
  5 swamp worms (Lair:3)
  27 water moccasins
  6 wargs
  An acid dragon (D:8)
  An ice beast (D:7)
  33 orc warriors
  3 sky beasts
  2 necrophages
  19 ogres
  2 boggarts (Elf:1)
  17 wolves
  14 centaurs
  3 phantoms
  5 kobold brigands
  Blork the orc (D:4)
  16 bullfrogs
  A gnoll sergeant (Orc:2)
  An earth elemental (Elf:3)
  5 water moccasin zombies (Ossuary)
  4 killer bees
  A water moccasin skeleton (D:5)
  3 wights (D:10)
  5 howler monkeys
  2 electric eels
  6 lava snakes
  A bullfrog zombie (D:5)
  3 centaur zombies
  2 hounds (D:6)
  A jelly (D:7)
  16 orc priests
  A bullfrog skeleton (D:7)
  A centaur skeleton (D:7)
  3 gnoll shamans
  Jessica (D:3)
  2 iguanas (D:7)
  A scorpion zombie (D:5)
  17 orc wizards
  A hound skeleton (D:4)
  2 mummies (Ossuary)
  2 howler monkey zombies (D:9)
  9 adders
  21 gnolls
  A howler monkey skeleton (D:5)
  2 shadow imps
  2 white imps
  2 adder skeletons
  2 adder zombies (Ossuary)
  4 worms
  74 orcs
  4 ball pythons
  7 endoplasms
  2 giant cockroaches (D:2)
  8 hobgoblins
  7 jackals
  31 kobolds
  4 quokkas
  11 bats
  4 frilled lizards
  3 gnoll zombies (Ossuary)
  10 goblins
  5 hobgoblin zombies (Ossuary)
  A jackal skeleton (D:4)
  4 kobold zombies (Ossuary)
  An orc zombie (Ossuary)
  3 rats
  9 briar patches (Lair:3)
  A bush (Lair:1)
1106 creatures vanquished.

Vanquished Creatures (others)
  A deep elf knight (Elf:2)
  A fire elemental (Elf:1)
  2 orcs (Orc:2)
  2 briar patches (Lair:3)
  21 fungi
  83 plants
  4 tentacles (Shoals:1)
114 creatures vanquished.

Grand Total: 1220 creatures vanquished

Notes
Turn   | Place    | Note
-------+----------+-------------------------------------------
     0 | D:1      | Peloso the Minotaur Fighter began the quest for the Orb.
     0 | D:1      | Reached XP level 1. HP: 19/19 MP: 0/0
    34 | D:1      | Found Adwaruyxt's General Store.
   163 | D:1      | Reached XP level 2. HP: 17/27 MP: 1/1
   410 | D:1      | Reached skill level 4 in Shields
   604 | D:1      | Reached XP level 3. HP: 33/33 MP: 2/2
   827 | D:1      | Found a faded altar of an unknown god.
  1834 | D:3      | Reached XP level 4. HP: 41/41 MP: 3/3
  1982 | D:3      | Identified the +5 hand axe of Classification {freeze, rPois
                  | rF+ Str-3}
  2086 | D:3      | Noticed Jessica
  2097 | D:3      | Killed Jessica
  2577 | D:1      | Bought a scroll of magic mapping for 42 gold pieces
  2656 | D:4      | Reached XP level 5. HP: 45/47 MP: 4/4
  2672 | D:4      | Noticed a necrophage
  2684 | D:4      | Killed a necrophage
  2685 | D:4      | Reached skill level 1 in Axes
  2717 | D:4      | Noticed an ogre
  2725 | D:4      | Killed an ogre
  2726 | D:4      | Reached skill level 5 in Armour
  2726 | D:4      | Reached skill level 1 in Dodging
  2726 | D:4      | Reached XP level 6. HP: 55/55 MP: 5/5
  2797 | D:4      | Reached skill level 5 in Long Blades
  2858 | D:4      | Noticed Blork the orc
  2865 | D:4      | Killed Blork the orc
  2873 | D:4      | Reached skill level 5 in Shields
  3278 | D:4      | Reached XP level 7. HP: 60/60 MP: 6/6
  3647 | D:5      | Entered Level 5 of the Dungeon
  3647 | D:5      | Found a staircase to the Ecumenical Temple.
  3654 | Temple   | Entered the Ecumenical Temple
  3801 | Temple   | Became a worshipper of Warmaster Okawaru
  3910 | D:5      | Reached skill level 5 in Fighting
  4185 | D:5      | Identified the +5 plate armour of Inevitability {+Inv rN+++
                  | Int+3 Dex-3}
  4355 | D:5      | Reached * piety under Okawaru
  4356 | D:5      | Reached skill level 5 in Axes
  4493 | D:5      | Reached skill level 1 in Stealth
  4519 | D:5      | Reached XP level 8. HP: 64/68 MP: 7/7
  5135 | D:6      | Reached ** piety under Okawaru
  5355 | D:6      | Noticed a troll
  5362 | D:6      | Killed a troll
  5363 | D:6      | Reached skill level 6 in Shields
  5651 | D:7      | Reached XP level 9. HP: 51/75 MP: 8/8
  5975 | D:7      | Reached *** piety under Okawaru
  6804 | D:8      | Found a sand-covered staircase.
  6812 | Ossuary  | Entered an ossuary
  7073 | D:8      | Noticed a two-headed ogre
  7087 | D:8      | Killed a two-headed ogre
  7087 | D:8      | Reached **** piety under Okawaru
  7088 | D:8      | Reached skill level 10 in Axes
  7342 | D:8      | Noticed Harold
  7405 | D:8      | Killed Harold
  7405 | D:8      | Reached ***** piety under Okawaru
  7405 | D:8      | Identified the +1 hat "Ubral" {Will+ rCorr} (Okawaru gifted
                  | it to you on level 8 of the Dungeon)
  7405 | D:8      | Received a gift from Okawaru
  7406 | D:8      | Reached skill level 7 in Shields
  7406 | D:8      | Reached XP level 10. HP: 49/90 MP: 9/9
  8228 | D:8      | Identified a scroll of acquirement
  8417 | D:9      | Noticed a two-headed ogre
  8428 | D:9      | Killed a two-headed ogre
  8730 | D:9      | Reached skill level 10 in Armour
  8757 | D:9      | Reached skill level 8 in Shields
  8774 | D:9      | Reached XP level 11. HP: 32/99 MP: 10/10
  9048 | D:9      | Found a staircase to the Orcish Mines.
  9519 | D:10     | Entered Level 10 of the Dungeon
  9693 | D:10     | Found a staircase to the Lair.
  9879 | D:10     | Found a runed translucent door.
  9879 | D:10     | Noticed peterlawrence's ghost (journeyman MiFi)
 10042 | D:10     | Noticed a two-headed ogre
 10049 | D:10     | Killed a two-headed ogre
 10050 | D:10     | Reached skill level 10 in Fighting
 10177 | D:10     | Found a glowing golden altar of the Shining One.
 10893 | D:11     | Received a gift from Okawaru
 11304 | Lair:1   | Entered Level 1 of the Lair of Beasts
 11397 | Lair:1   | Noticed an oklob plant
 11839 | Lair:1   | Reached skill level 9 in Shields
 11937 | Lair:1   | Noticed a four-headed hydra
 11947 | Lair:1   | Killed a four-headed hydra
 12206 | Lair:1   | Reached XP level 12. HP: 81/107 MP: 11/11
 12505 | Lair:1   | Reached skill level 10 in Long Blades
 14111 | Lair:1   | Reached ****** piety under Okawaru
 14255 | Lair:2   | Reached skill level 1 in Invocations
 14277 | Lair:2   | Reached skill level 10 in Shields
 14277 | Lair:2   | Noticed an eight-headed hydra
 14284 | Lair:2   | Found a hole to the Spider Nest.
 14681 | D:12     | Noticed an ogre mage
 14681 | D:12     | Noticed a two-headed ogre
 14681 | D:12     | Noticed a two-headed ogre
 14729 | D:12     | Killed a two-headed ogre
 14743 | D:12     | Killed an ogre mage
 14743 | D:12     | Received a gift from Okawaru
 14932 | D:12     | Noticed a two-headed ogre
 14942 | D:12     | Killed a two-headed ogre
 15344 | D:12     | Found an opulent altar of Gozag.
 15347 | D:12     | Noticed a seven-headed hydra
 15389 | Orc:1    | Entered Level 1 of the Orcish Mines
 15735 | Orc:1    | HP: 2/110 [orc warrior/+0 halberd[an orc knight] (14)]
 16596 | Orc:1    | Reached skill level 11 in Shields
 16740 | Orc:1    | Found a runed translucent door.
 16746 | Orc:1    | Noticed elgoggo's ghost (journeyman MiGl)
 16904 | Orc:2    | Entered Level 2 of the Orcish Mines
 17344 | Orc:2    | Found Boholesh's Armour Shop.
 17541 | Orc:2    | Found a staircase to the Elven Halls.
 17542 | Orc:2    | Found a shimmering altar of Xom.
 18007 | Orc:2    | Reached XP level 13. HP: 116/116 MP: 12/12
 18070 | Orc:2    | Noticed an orc warlord
 18099 | Orc:1    | HP: 5/116 [orc warrior/+0 battleaxe[an orc warlord] (22)]
 18498 | Orc:1    | HP: 5/116 [orc knight/+0 great sword (12)]
 18894 | Orc:1    | Received a gift from Okawaru
 19029 | Orc:1    | Killed an orc warlord
 19030 | Orc:1    | Reached skill level 1 in Evocations
 19700 | Orc:2    | Found Jiahe's Antique Armour Emporium.
 19704 | Orc:2    | Found Canos's Antique Weapon Shoppe.
 19715 | Orc:2    | Bought a masterwork plate armour for 840 gold pieces
 19715 | Orc:2    | Identified the +2 plate armour of the Engineer {rCorr
                  | Int+2} (You bought it in a shop on level 2 of the Orcish
                  | Mines)
 19904 | Orc:2    | Found Qurokaz's Magic Scroll Shoppe.
 19921 | Orc:2    | Bought a scroll of identify for 24 gold pieces
 20347 | Orc:2    | Noticed an orc warlord
 20888 | Orc:2    | Killed an orc warlord
 21488 | D:12     | Reached skill level 12 in Shields
 22718 | Lair:2   | Found a staircase to the Shoals.
 22968 | Lair:2   | Found a runed translucent door.
 23004 | Lair:2   | Found a runed translucent gate.
 23005 | Lair:2   | Found a runed translucent gate.
 23014 | Lair:2   | Found a runed translucent gate.
 23014 | Lair:2   | Found a runed translucent gate.
 23014 | Lair:2   | Found a runed translucent gate.
 23017 | Lair:2   | Found a runed translucent gate.
 23269 | Lair:2   | Identified the +5 hand axe of the Dove {flame, *Slow Int+7}
                  | (Okawaru gifted it to you on level 2 of the Lair of Beasts)
 23269 | Lair:2   | Received a gift from Okawaru
 23707 | Lair:3   | Noticed Snorg
 23727 | Lair:3   | Killed Snorg
 24325 | Lair:3   | Reached XP level 14. HP: 127/127 MP: 14/14
 24513 | Lair:3   | Found a transporter.
 24750 | Lair:3   | Found a transporter.
 25455 | Lair:4   | Reached skill level 15 in Armour
 26524 | Lair:5   | Found an opulent altar of Gozag.
 26546 | Lair:5   | Found a frozen archway.
 26557 | IceCv    | Entered an ice cave
 26587 | IceCv    | Acquired the amulet "Waungip" {Acrobat rElec rPois rC+
                  | Dex+6}
 26979 | IceCv    | Reached skill level 13 in Shields
 27433 | IceCv    | Noticed a frost giant
 27497 | IceCv    | Killed a frost giant
 27510 | IceCv    | Identified the +7 scimitar "Wiedoc" {antimagic, Int+4}
                  | (Okawaru gifted it to you in an ice cave)
 27510 | IceCv    | Received a gift from Okawaru
 28444 | Lair:5   | Noticed Kirke
 28480 | Lair:5   | Killed Kirke
 28564 | Lair:5   | Found a staircase to the Slime Pits.
 28989 | Lair:5   | Identified the +1 pair of boots of Leaves {rElec rPois
                  | Regen+ Dex+4} (Okawaru gifted it to you on level 5 of the
                  | Lair of Beasts)
 28989 | Lair:5   | Received a gift from Okawaru
 29001 | Lair:5   | Reached skill level 15 in Long Blades
 29902 | Lair:6   | Entered Level 6 of the Lair of Beasts
 30199 | Lair:6   | Reached skill level 14 in Shields
 30263 | Lair:6   | Identified the +7 dagger "Ytojid" {speed, *Corrode MP+9
                  | Str+4}
 30273 | Lair:6   | Reached XP level 15. HP: 138/138 MP: 5/16
 31444 | D:10     | Killed peterlawrence's ghost
 31456 | D:10     | Got Ehar's Tome of Stones
 31873 | Lair:4   | Identified the +3 double sword "Wattehef" {spect, *Noise
                  | rPois rC++} (Okawaru gifted it to you on level 4 of the
                  | Lair of Beasts)
 31873 | Lair:4   | Received a gift from Okawaru
 32064 | Orc:1    | Killed elgoggo's ghost
 32128 | Elf:1    | Entered Level 1 of the Elven Halls
 32241 | Elf:1    | Reached skill level 15 in Shields
 32296 | Elf:1    | Paralysed by an air elemental for 1 turns
 32306 | Elf:1    | Paralysed by an air elemental for 1 turns
 32340 | Elf:1    | Noticed a deep elf sorcerer
 32348 | Elf:1    | Killed a deep elf sorcerer
 32377 | Elf:1    | Reached skill level 15 in Fighting
 32638 | Elf:1    | Noticed a Hell Sentinel
 32703 | Elf:1    | Noticed a Tzitzimitl
 33024 | Elf:1    | Identified the +0 kite shield "Peurph" {rElec Str+6}
                  | (Okawaru gifted it to you on level 1 of the Elven Halls)
 33024 | Elf:1    | Received a gift from Okawaru
 33353 | Elf:2    | Found a runed translucent gate.
 33353 | Elf:2    | Found a runed translucent gate.
 33353 | Elf:2    | Found a runed translucent gate.
 33535 | Elf:2    | Reached XP level 16. HP: 105/150 MP: 5/17
 33847 | Elf:3    | Entered Level 3 of the Elven Halls
 33988 | Elf:3    | Identified Roxanne's Catalogue of Shape Shifting
 33988 | Elf:3    | Noticed Roxanne
 34022 | Elf:3    | Killed Roxanne
 34185 | Elf:3    | Noticed a deep elf master archer
 34186 | Elf:3    | Found Nahey's Distillery.
 34279 | Elf:3    | Noticed a deep elf blademaster
 34325 | Elf:3    | Noticed an Ice Fiend
 34332 | Elf:2    | Killed a deep elf blademaster
 34333 | Elf:2    | Reached skill level 16 in Shields
 34462 | Elf:3    | Noticed a Hell Sentinel
 34463 | Elf:3    | Noticed a Hell Sentinel
 34577 | Elf:2    | Received a gift from Okawaru
 34870 | Elf:3    | Killed a deep elf master archer
 35024 | Elf:3    | Noticed a deep elf master archer
 35026 | Elf:3    | Identified the ring "Equeroas" {rPois rC+ rCorr Str+2 SInv}
 35060 | Elf:3    | Killed a deep elf master archer
 35244 | Elf:3    | Got Yropuc's Grimoire of Beguiling
 35248 | Elf:3    | Identified the +6 arbalest of Success {vorpal, *Slow rElec
                  | rF- Will+++}
 35252 | Elf:3    | Identified the amulet of Wu Jian's Inspiration {Harm Regen+
                  | MP+9}
 35259 | Elf:3    | Got the Papyrus of Glacial Conjuration
 35261 | Elf:3    | Got Sydoagh's Volume of Captivating Conjuration
 35322 | Elf:3    | Identified the +4 scale mail "Oluur" {Will+ Int+3 Dex+5}
 35324 | Elf:3    | Identified the +3 chain mail of the Hidden Vale {rPois
                  | Will- Dex+3 SInv}
 35679 | Elf:3    | Identified the +0 ring mail of Azugaweu {rF+}
 35703 | Elf:3    | Identified the amulet "Eczora" {Will+ Regen+ Str-5 Int+5
                  | Stlth+}
 35707 | Elf:3    | Identified the +0 cloak of Indecent Exposure {Slay+2}
 37448 | Elf:3    | Bought a potion of flight for 39 gold pieces
 37448 | Elf:3    | Bought a potion of flight for 39 gold pieces
 37976 | D:13     | Found a gate to the Vaults.
 37998 | D:12     | Reached skill level 17 in Shields
 38114 | D:13     | Identified the +2 scale mail of Powerful Life {rElec rC+
                  | Int-3 Dex+4}
 38191 | D:13     | Found Ecroc's Armour Shop.
 38762 | D:14     | Found a large runed translucent door.
 38762 | D:14     | Found a large runed translucent door.
 38765 | D:14     | Noticed Qugh's ghost (journeyman MiBe)
 38853 | D:14     | Identified the +9 scimitar "Lazatix" {venom, rElec Int+4
                  | Stlth+} (Okawaru gifted it to you on level 14 of the
                  | Dungeon)
 38853 | D:14     | Received a gift from Okawaru
 39108 | D:14     | Reached XP level 17. HP: 161/161 MP: 18/18
 39438 | D:14     | Killed Qugh's ghost
 39473 | D:15     | Entered Level 15 of the Dungeon
 39725 | D:15     | Received a gift from Okawaru
 39918 | D:15     | Found a staircase to the Depths.
 39925 | D:15     | Reached skill level 18 in Shields
 40010 | D:15     | Found a stormy altar of Qazlal.
 40020 | D:15     | Noticed Josephine
 40023 | D:15     | Killed Josephine
 40072 | D:15     | Received a gift from Okawaru
 40982 | Elf:2    | Noticed a deep elf blademaster
 40995 | Elf:2    | Killed a deep elf blademaster
 40996 | Elf:2    | Reached skill level 5 in Dodging
 41219 | Elf:2    | Received a gift from Okawaru
 41627 | Shoals:1 | Entered Level 1 of the Shoals
 41669 | Shoals:1 | Reached skill level 19 in Shields
 41692 | Shoals:1 | Found Jutoz's Assorted Antiques.
 41765 | Shoals:1 | Bought a scroll of magic mapping for 87 gold pieces
 41765 | Shoals:1 | Bought a scroll labelled FUONUUM ZYFRAMP for 25 gold pieces
 41774 | Shoals:1 | Found Sanaoq's Antique Armour Boutique.
 42146 | Shoals:1 | Received a gift from Okawaru
 42166 | Shoals:1 | Found Oniur's CLEARANCE SALE!.
 42453 | Shoals:1 | Noticed a kraken
 42472 | Shoals:1 | Killed a kraken
 42570 | Shoals:2 | Found Ceck's Self-Improvement Boutique.
 42697 | Shoals:2 | Got the Reference Book on Shifting Poison
 43038 | Shoals:2 | Reached XP level 18. HP: 150/172 MP: 19/19
 43303 | Spider:1 | Entered Level 1 of the Spider Nest
 43419 | Spider:1 | Identified the +11 fustibalus of Sudden Death {vorpal,
                  | rPois Str+5 Int-3 Stlth+} (Okawaru gifted it to you on
                  | level 1 of the Spider Nest)
 43419 | Spider:1 | Received a gift from Okawaru
 43499 | Spider:1 | Reached skill level 20 in Shields
 44806 | Spider:2 | Identified the +2 ring mail of the Butcher {rF+ rC+ rN+
                  | Will+} (Okawaru gifted it to you on level 2 of the Spider
                  | Nest)
 44806 | Spider:2 | Received a gift from Okawaru
 45712 | Shoals:3 | Found Nonaig's Jewellery Shop.
 45740 | Shoals:4 | Entered Level 4 of the Shoals
 45760 | Shoals:4 | Reached skill level 21 in Shields
 45774 | Shoals:4 | HP: 1/174 [merfolk impaler/+4 trident of freezing (17)]
 45779 | Shoals:4 | HP: 4/174 [merfolk javelineer/javelin (12)]
 45780 | Shoals:4 | HP: 1/174 [drowned by a water elemental (3)]
 45781 | Shoals:4 | Drowned by a water elemental

Illustrated notes

Levels and vault maps discovered:
D:1:      dpeg_arrival_yet_another_circle, layout_loops_ring, serial_shops,
          nicolae_shop_waterfront, dilly_ecumenical_altar_fadedgnrine
D:2:      layout_basic, hangedman_feature_mirror
D:3:      layout_basic, minmay_door_square, minivault_11, uniq_jessica
D:4:      layout_basic, minmay_misc_feat_four_crosses, minivault_26,
          uniq_blork_the_orc
D:5:      layout_loops_ring, minmay_temple_entry_overgrown
D:6:      layout_basic
D:7:      layout_cave_pods, minmay_manual_monolith
D:8:      nicolae_BIG_FREAKIN_CUBE, layout_layer_cave,
          nicolae_ossuary_entry_plus, uniq_harold
D:9:      lemuel_troll_bridge, layout_rooms, orc_0_dummy
D:10:     layout_loops_ring, nicolae_tso_carved_into_rock, lair_entry_dummy,
          hellmonk_ghost_big_iron
D:11:     layout_big_octagon
D:12:     layout_roguey, nicolae_gozag_seed_capital
D:13:     layout_small_grid, david_vaults_2, serial_shops, shop
D:14:     layout_cave_pools, ebering_ghost_disaster_area
D:15:     grunt_enter_depths_snipers, layout_gridville,
          nicolae_qazlal_style_of_elements, uniq_josephine
Temple:   mainiacjoe_temple_hex_bubbles
Lair:1:   layout_regular_city, minmay_lair_oklob_bushes, beast_lair_carwin_2,
          grunt_megastairs_5
Lair:2:   gammafunk_indiana_jones, layout_regular_city,
          minmay_shoals_entry_centaurs, spider_nest_entry_web_field
Lair:3:   gammafunk_worm_tunnel, layout_cave_pods, uniq_snorg
Lair:4:   layout_misc_corridors, disabler_island, serial_bayou_shore_a,
          lemuel_fruit_fields
Lair:5:   layout_hall_layers, minmay_slime_entry_oklob_enclosed,
          portal_ice_cave_entry_pillars_2, basic_altar, beast_lair_carwin_11,
          infiniplex_staircase_pool, uniq_kirke
Lair:6:   hangedman_lair_tendril_chambers, layout_regular_city
Shoals:1: layout_shoals, serial_shops, nicolae_diamond_shop, nicolae_shop_trees,
          nicolae_shop_clearance
Shoals:2: layout_shoals, nicolae_shop_self_help
Shoals:3: layout_shoals, serial_shops, nicolae_diamond_shop
Shoals:4: shoals_end_grunt_ice, layout_shoals
Spider:1: layout_spider_delve
Spider:2: layout_cave_pods
Orc:1:    layout_caves, ebering_ghost_inner_flame
Orc:2:    grunt_orc_community_town_hall, layout_caves,
          grunt_orc_community_big_house_1, grunt_orc_community_big_house_2,
          grunt_orc_community_house_2, grunt_orc_community_house_3,
          grunt_orc_community_house_1, grunt_orc_community_house_3,
          grunt_orc_community_house_3, basic_altar, minmay_orc_barracks
Elf:1:    nicolae_elf_arrival_fired_up, layout_geoelf_grid,
          hangedman_elf_disciples, minmay_misc_feat_pillars
Elf:2:    nicolae_elf_blades_splatter_lattice
          [nicolae_blade_entry_sentries_behind_glass], layout_geoelf_octagon
Elf:3:    minmay_elf_hall_spiked, layout_rooms, serial_shops, shop_statue,
          uniq_roxanne

Skill      XL: |  1  2  3  4  5  6  7  8  9 10 11 12 13 14 15 16 17 18 |
---------------+-------------------------------------------------------+-----
Fighting       | 4 5 6 8 9 10 11 12 14 15 17 18 | 18.8
Shields        | 4 5 6 7 8 9 11 12 14 15 17 19 21 | 21.0
Armour         | 4 5 6 7 8 10 11 13 14 16 17 18 19 | 19.2
Long Blades    | 3 4 5 9 12 14 15 16 17 18 19 | 19.1
Axes           | 1 3 5 8 11 12 | 12.2
Dodging        | 1 2 3 4 5 |  5.3
Stealth        | 1 2 |  2.5
Invocations    | 1 2 3 |  3.7
Evocations     | 1 |  1.5

Action                   |  1- 3 |  4- 6 |  7- 9 | 10-12 | 13-15 | 16-18 || total
-------------------------+-------+-------+-------+-------+-------+-------++-------
Melee: Long sword        |   125 |    18 |       |   655 |   856 |       ||  1654
       Headbutt          |    20 |     7 |    65 |   205 |   426 |   309 ||  1032
       Hand axe          |       |    71 |   349 |   118 |    50 |       ||   588
       Scimitar          |       |       |       |       |   749 |  1173 ||  1922
Throw: Throwing net      |       |       |       |     1 |       |       ||     1
Invok: Heroism           |       |       |       |    18 |    39 |    19 ||    76
Evoke: Wand              |       |       |       |     7 |    17 |     1 ||    25
  Use: Scroll            |       |       |     7 |    12 |    14 |     8 ||    41
       Potion            |       |       |       |     4 |     2 |     8 ||    14
Armor: Scale mail        |    60 |    41 |    21 |       |       |       ||   122
       Plate armour      |       |       |   144 |   524 |   813 |   585 ||  2066
Dodge: Dodged            |    49 |    37 |    86 |   290 |   655 |   698 ||  1815
Block: Buckler           |    29 |    30 |    63 |   293 |   648 |       ||  1063
       Kite shield       |       |       |       |       |    31 |  1200 ||  1231
